 Dungeon Crawl Stone Soup version 0.29.1-12-g30fa7ad0bf (webtiles) character file.

Game seed: 123836063577499712

1 kingofthe the Caller (level 1, -1/13 HPs)
             Began as a Merfolk Summoner on Jan 14, 2023.
             Slain by a rat (2 damage)
             ... on level 1 of the Dungeon.
             The game lasted 00:00:38 (286 turns).

kingofthe the Caller (Merfolk Summoner)              Turns: 286, Time: 00:00:39

Health: -1/13      AC:  2    Str:  8    XL:     1   Next: 20%
Magic:  2/3        EV: 12    Int: 14    God:
Gold:   26         SH:  0    Dex: 14    Spells: 3/4 levels left

rFire   . . .      SeeInvis .   (no weapon)
rCold   . . .      Faith    .   (no shield)
rNeg    . . .      Spirit   .   a - +0 robe
rPois   .          Reflect  .   (no helmet)
rElec   .          Harm     .   (no cloak)
rCorr   .          Rampage  .   (no gloves)
Will    .....                   (no boots)
Stlth   ++........              (no amulet)
HPRegen 0.04/turn               (no ring)
MPRegen 0.08/turn               (no ring)

@: no status effects
A: (nimble swimmer 2), mertail
a: no special abilities


You were on level 1 of the Dungeon.
You visited 1 branch of the dungeon, and saw 1 of its levels.

You collected 26 gold pieces.

Inventory:

Armour
 a - a +0 robe (worn)
Scrolls
 d - a scroll of blinking {unknown}
 f - a scroll of enchant weapon {unknown}
Potions
 b - a potion of magic
 c - a potion of heal wounds {unknown}
 e - a potion of curing {unknown}


   Skills:
 + Level 2.7 Dodging
 * Level 2.2 Stealth
 + Level 2.0 Spellcasting
 + Level 4.0 Summonings


You had 3 spell levels left.
You knew the following spells:

 Your Spells              Type           Power      Damage    Failure   Level
a - Summon Small Mammal   Summ           48%        N/A       4%          1

Your spell library contained the following spells:

 Spells                   Type           Power      Damage    Failure   Level
 Call Imp                 Summ           12%        N/A       7%          2
 Call Canine Familiar     Summ           12%        N/A       14%         3
 Summon Guardian Golem    Hex/Summ       7%         N/A       30%         3
 Summon Lightning Spire   Summ/Air       7%         N/A       71%         4


Dungeon Overview and Level Annotations

Branches:
Dungeon (1/15)

Altars:


Innate Abilities, Weirdness & Mutations

((You are very nimble when in or above water. (Stealth+, EV+, Speed+++)))
Your lower body shifts to a powerful aquatic tail in water.


Message History

A rat comes into view.
The kobold shouts!
You hear a shout!
You hear an angry hiss. x2
The rat barely misses you.
You hit the rat.
The rat is moderately wounded.
The rat barely misses you.
You hit the rat but do no damage.
The rat is moderately wounded.
The rat closely misses you.
A kobold comes into view. It is wielding a +0 club.
Casting: Summon Small Mammal (safe; 4% risk of failure)
Confirm with . or Enter, or press ? or * to list all spells.
The kobold shouts!
You hear an angry hiss. x2
The kobold closely misses you. The rat misses you.
You closely miss the kobold.
A ball python comes into view.
A kobold comes into view. It is wielding a +0 short sword.
The kobold hits you with a +0 club. The rat barely misses you.
Your rat bites the kobold.
The kobold shouts!
You hit the kobold but do no damage.
The kobold is moderately wounded.
A bat comes into view.
The kobold hits you with a +0 club. x2; The rat bites you but does no damage.
Your rat barely misses the kobold.
You hit the kobold but do no damage.
The kobold is moderately wounded.
A bat comes into view.
The kobold hits you with a +0 club. The rat misses you.
The kobold hits you with a +0 club.
Your rat misses the kobold. You closely miss the kobold.
The kobold is moderately wounded.
The kobold closely misses you. The rat barely misses you.
The kobold barely misses you.
Your rat closely misses the kobold.
You hit the kobold but do no damage.
The kobold is moderately wounded.
The kobold closely misses you. The kobold hits you with a +0 club.
* * * LOW HITPOINT WARNING * * *
The rat bites you.
You die...

########################
....K..r................
#.####K################
#@# #.......# #rK#
#.####..# #Sb# #.#.....#
.bK. #.#.##..# #....
#.#.##..# #.....
#.#'##..# #.+##..
#....#..# #.. ...
#....#..# #....#..#


You could see 2 bats, a ball python, 3 kobolds, a rat and a friendly rat
(summoned).

Vanquished Creatures
  A frilled lizard (D:1)
  A rat (D:1)
2 creatures vanquished.

Notes
Turn   | Place    | Note
-------+----------+-------------------------------------------
     0 | D:1      | kingofthe the Merfolk Summoner began the quest for the Orb.
     0 | D:1      | Reached XP level 1. HP: 13/13 MP: 3/3
   286 | D:1      | Slain by a rat

Illustrated notes

Levels and vault maps discovered:
D:1:      dpeg_arrival_houses_and_road, layout_basic,
          chequers_serial_rivers_micro_b, minmay_nonomino_d4

Action                   || total
-------------------------++-------
Melee: Unarmed           ||    15
       Punch             ||     1
 Cast: Summon Small Mamm ||     1
Armor: Robe              ||     3
Dodge: Dodged            ||    15
